 Dungeon Crawl Stone Soup version 0.28-a0-1506-g3893175d92 (webtiles) character file.

Game seed: 17985499513209603717

50 tetreaultl the Conjurer (level 3, -3/21 HPs)
             Began as an Octopode Conjurer on Jan 13, 2022.
             Slain by a water moccasin (8 damage)
             ... on level 3 of the Dungeon.
             The game lasted 00:08:18 (2980 turns).

tetreaultl the Conjurer (Octopode Conjurer)         Turns: 2980, Time: 00:08:19

Health: -3/21      AC:  1    Str:  6    XL:     3   Next: 79%
Magic:  0/6        EV: 13    Int: 22    God:
Gold:   46         SH:  0    Dex: 10    Spells: 6/7 levels left

rFire   . . .      SeeInvis .   d - +0 short sword
rCold   . . .      Faith    .   (no shield)
rNeg    . . .      Spirit   .   (helmet restricted)
rPois   .          Reflect  .   (no amulet)
rElec   .          Harm     .   (no ring)
rCorr   .          Rampage  .   (no ring)
Will    .....                   (no ring)
Stlth   +++.......              (no ring)
HPRegen 0.07/turn               (no ring)
MPRegen 0.10/turn               (no ring)
                                (no ring)
                                (no ring)

@: lethally poisoned (-3 -> -8)
A: almost no armour, amphibious, 8 rings, camouflage 1, gelatinous body 1,
(nimble swimmer 1), tentacles
a: no special abilities


You were on level 3 of the Dungeon.
You visited 1 branch of the dungeon, and saw 3 of its levels.

You collected 46 gold pieces.

Inventory:

Hand Weapons
 b - a +2 hunting sling of freezing
 c - a +0 club
 d - a +0 short sword (weapon)
Missiles
 h - 62 stones
Scrolls
 a - a scroll of vulnerability {unknown}
 e - 3 scrolls of identify {unknown}
 j - a scroll of brand weapon {unknown}
 k - a scroll of enchant armour {unknown}
Potions
 f - a potion of flight {unknown}
 g - a potion of berserk rage {unknown}
 i - a potion of haste {unknown}


   Skills:
 + Level 0.2 Fighting
 + Level 0.3 Maces & Flails
 + Level 2.0 Dodging
 + Level 2.9 Stealth
 + Level 2.5 Spellcasting
 + Level 4.8 Conjurations


You had 6 spell levels left.
You knew the following spells:

 Your Spells              Type           Power      Damage    Failure   Level
a - Magic Dart            Conj           92%        1d7       1%          1

Your spell library contained the following spells:

 Spells                   Type           Power      Damage    Failure   Level
 Searing Ray              Conj           46%        2d6       2%          2
 Dazzling Flash           Conj/Hex       26%        N/A       14%         3
 Fulminant Prism          Conj/Hex       6%         3d7       43%         4
 Iskenderun's Mystic Bla  Conj/Tloc      13%        2d5       43%         4


Dungeon Overview and Level Annotations

Branches:
Dungeon (3/15)

Altars:


Innate Abilities, Weirdness & Mutations

You cannot wear most types of armour.
You are amphibious.
You can wear up to eight rings at the same time.
Your skin changes colour to match your surroundings (Stealth+).
Your rubbery body absorbs attacks. (AC +1, EV +1)
((You are camouflaged when in or above water. (Stealth+)))
You have tentacles for arms and can constrict up to eight enemies at once.


Message History

The magic dart hits the water moccasin.
The water moccasin is moderately wounded.
Casting: Magic Dart (safe; 1% risk of failure)
Confirm with . or Enter, or press ? or * to list all spells.
Aiming: Magic Dart (safe; 1% risk of failure)
Press: ? - help, Shift-Dir - straight line, f/p - water moccasin
Aim: a water moccasin (moderately wounded, 100% to hit)
The magic dart hits the water moccasin.
The water moccasin is heavily wounded.
Casting: Magic Dart (safe; 1% risk of failure)
Confirm with . or Enter, or press ? or * to list all spells.
Aiming: Magic Dart (safe; 1% risk of failure)
Press: ? - help, Shift-Dir - straight line, f/p - water moccasin
Aim: a water moccasin (heavily wounded, 100% to hit)
The magic dart hits the water moccasin.
The water moccasin is severely wounded.
The water moccasin bites you!
You are lethally poisoned!
The water moccasin poisons you!
You miss the water moccasin. Your grab misses the water moccasin.
The water moccasin is severely wounded.
You feel very sick. The water moccasin barely misses you.
Casting: Magic Dart (safe; 1% risk of failure)
Confirm with . or Enter, or press ? or * to list all spells.
Aiming: Magic Dart (safe; 1% risk of failure)
Press: ? - help, Shift-Dir - straight line, f/p - water moccasin
Aim: a water moccasin (severely wounded, 100% to hit)
The magic dart hits the water moccasin.
The water moccasin is severely wounded.
You feel sick. The water moccasin closely misses you.
You are too injured to fight recklessly!
You are too injured to fight recklessly!
You are too injured to fight recklessly!
You are too injured to fight recklessly!
You closely miss the water moccasin. Your grab misses the water moccasin.
The water moccasin is severely wounded.
* * * LOW HITPOINT WARNING * * *
You feel sick. The water moccasin bites you!
You die...

.####
#....#......#.
.#
###.....#......
#####.####.#.#
#.......##.#
#.###......#
#..........#
#.......#..#
#.######...# #
#@###
........S......
#######.....<..
...###... ...#
.. ....# ....#
.....+


You could see a water moccasin.

Vanquished Creatures
  An adder (D:2)
  A dart slug (D:2)
  2 endoplasms (D:1)
  2 goblins
  3 hobgoblins
  8 jackals
  4 kobolds
  A quokka (D:2)
  5 ball pythons (D:1)
  2 bats
  4 frilled lizards
  4 rats
37 creatures vanquished.

Notes
Turn   | Place    | Note
-------+----------+-------------------------------------------
     0 | D:1      | tetreaultl the Octopode Conjurer began the quest for the
                  | Orb.
     0 | D:1      | Reached XP level 1. HP: 11/11 MP: 3/3
   400 | D:1      | Reached XP level 2. HP: 15/17 MP: 1/5
   754 | D:1      | Found a faded altar of an unknown god.
  1555 | D:2      | Reached XP level 3. HP: 20/21 MP: 4/6
  2972 | D:3      | Noticed a water moccasin
  2980 | D:3      | Slain by a water moccasin

Illustrated notes

Levels and vault maps discovered:
D:1:      dpeg_arrival_shrine, layout_loops_corners,
          hellmonk_ecumenical_altar_blasted, minivault_4
D:2:      layout_basic
D:3:      layout_basic, minmay_misc_feat_columns, st_stairs_8

Action                   || total
-------------------------++-------
Melee: Unarmed           ||     4
       Club              ||    10
       Constrict         ||     8
       Tentacles         ||     6
       Short sword       ||    14
 Cast: Magic Dart        ||    75
Armor: Skin              ||     1
Dodge: Dodged            ||    32

Table legend: (Time is in decaauts)
 A = Elapsed time spent in this place.
 B = Non-inter-level travel time spent in this place.
 C = Inter-level travel time spent in this place.
 D = Time resting spent in this place.
 E = Time spent auto-exploring this place.
 F = Levels seen in this place.
 G = Mean time per level.
                   A        B        C        D        E       F      G
               +--------+--------+--------+--------+--------+-----+--------+
         Total |   2982 |   2907 |     75 |    618 |   1767 |   3 |  994.0 |
       Dungeon |   2982 |   2907 |     75 |    618 |   1767 |   3 |  994.0 |
               +--------+--------+--------+--------+--------+-----+--------+

Top non-repeatable levels by time:
     D:2: 1502 daAuts
     D:1: 1416 daAuts
     D:3: 63 daAuts
